 Dungeon Crawl Stone Soup version 0.30.1-11-g7821555f0a (webtiles) character file.

Game seed: 16406849781264396859

134 PaiMei the Grave Robber (level 4, -5/33 HPs)
             Began as a Demonspawn Necromancer on Jan 11, 2024.
             Slain by a gnoll
             ... wielding a +1 whip of holy wrath
              (6 damage)
             ... on level 3 of the Dungeon.
             The game lasted 00:03:53 (3000 turns).

PaiMei the Grave Robber (Demonspawn Necromancer)    Turns: 3000, Time: 00:03:53

Health: -5/33      AC:  5    Str:  9    XL:     4   Next: 95%
Magic:  0/8        EV: 12    Int: 18    God:
Gold:   96         SH:  0    Dex: 13    Spells: 5/9 levels left

rFire   . . .        n - +1 short sword (elec)
rCold   . . .        (no shield)
rNeg    . . .        a - +0 robe
rPois   .            (no helmet)
rElec   .            l - +0 cloak
rCorr   .            m - +1 pair of gloves
SInv    .            (no boots)
Will    .....        k - amulet of regeneration
Stlth   ++           (no ring)
HPRegen 1.05/turn    (no ring)
MPRegen 0.11/turn

%: no passive effects
@: no status effects
A: hooves 2
a: no special abilities


You were on level 3 of the Dungeon.
You visited 1 branch of the dungeon, and saw 3 of its levels.

You collected 96 gold pieces.

Inventory:

Hand Weapons
 n - a +1 short sword of electrocution (weapon)
Missiles
 q - 4 poisoned darts (quivered)
Armour
 a - a +0 robe (worn)
 l - a +0 cloak (worn)
 m - a +1 pair of gloves (worn)
 r - a +2 ring mail of fire resistance
Jewellery
 k - an amulet of regeneration (around neck)
 p - a ring of wizardry
 s - a ring of resist corrosion
Scrolls
 g - 3 scrolls of teleportation {unknown}
 h - a scroll of fog {unknown}
 i - 5 scrolls of identify {unknown}
 j - a scroll of immolation {unknown}
 o - a scroll of fear {unknown}
Potions
 b - a potion of magic
 c - 3 potions of might {unknown}
 d - 4 potions of lignification {unknown}
 e - 3 potions of heal wounds {unknown}
 f - 3 potions of haste {unknown}
 t - a potion of curing {unknown}


   Skills:
 + Level 1.8 Fighting
 + Level 2.7 Dodging
 - Level 2.0 Stealth
 + Level 3.0 Spellcasting
 + Level 5.1 Necromancy


You had 5 spell levels left.
You knew the following spells:

 Your Spells              Type           Power      Damage    Failure   Level
a - Necrotise             Necr           84%        1d8       1%          1
b - Vampiric Draining     Necr           21%        2d7       6%          3

Your spell library contained the following spells:

 Spells                   Type           Power      Damage    Failure   Level
 Animate Dead             Necr           21%        N/A       21%         4
 Agony                    Necr           21%        N/A       50%         5


Dungeon Overview and Level Annotations

Branches:
Dungeon (3/15)

Altars:
Gozag

Shops:
D:3 [

Annotations:
D:3 Robin


Innate Abilities, Weirdness & Mutations

You have hoof-like feet.


Message History

Aiming: Necrotise (safe; 1% risk of failure)
Press: ? - help, Shift-Dir - straight line, f/p - goblin
Aim: a goblin, wielding a +0 club (strong, chance to affect: 90%)
The goblin writhes in agony.
Casting: Necrotise (safe; 1% risk of failure)
Confirm with . or Enter, or press ? or * to list all spells.
Aiming: Necrotise (safe; 1% risk of failure)
Press: ? - help, Shift-Dir - straight line, f/p - goblin
Aim: a goblin, wielding a +0 club (severely wounded, strong, chance to affect: 90%)
The goblin writhes in agony.
You kill the goblin!
The dead are walking!
The gnoll hits you with a +1 whip of holy wrath.
You convulse.
You closely miss the gnoll. You kick the gnoll, but do no damage.
The gnoll hits you but does no damage.
Casting: Necrotise (safe; 1% risk of failure)
Confirm with . or Enter, or press ? or * to list all spells.
Aiming: Necrotise (safe; 1% risk of failure)
Press: ? - help, Shift-Dir - straight line, f - gnoll
Aim: a gnoll, wielding a +1 whip of holy wrath and quivering stones (ally target, chance to affect: 85%)
The gnoll writhes in agony.
The gnoll closely misses you.
Robin hits your goblin skeleton with a +0 mace.
The gnoll hits you with a +1 whip of holy wrath.
You convulse.
Robin hits your goblin skeleton with a +0 mace.
Your goblin skeleton is destroyed!
The gnoll hits you with a +1 whip of holy wrath.
You convulse!
* * * LOW HITPOINT WARNING * * *
Casting: Necrotise (safe; 1% risk of failure)
Confirm with . or Enter, or press ? or * to list all spells.
Aiming: Necrotise (safe; 1% risk of failure)
Press: ? - help, Shift-Dir - straight line, f/p - gnoll
Aim: a gnoll, wielding a +1 whip of holy wrath and quivering stones (moderately wounded, chance to affect: 85%)
The gnoll writhes in agony.
The gnoll hits you with a +1 whip of holy wrath.
* * * LOW HITPOINT WARNING * * *
You convulse.
You die...

## .. #. . #. .? #.
### #########
#.##.##.#####....)).#
#.........)@gg#####.#
#......##### #.#
Sg..g..#)..## #.#
..g######.## #.# #. #
#.# #.# #. #.#
###Z### ## ##'##
#..g..# # ##...##
#.#)#.# # ##.....##
#.g.#.# #


You could see Robin and a gnoll.

Vanquished Creatures
  3 adders
  3 gnolls (D:3)
  2 worms (D:2)
  2 dart slugs
  5 orcs (D:3)
  4 bats
  3 endoplasms
  A giant cockroach (D:2)
  13 goblins
  4 hobgoblins
  5 kobolds
  3 quokkas (D:1)
  3 ball pythons
  7 frilled lizards
  3 rats (D:1)
61 creatures vanquished.

Vanquished Creatures (collateral kills)
  An endoplasm (D:1)
1 creature vanquished.

Grand Total: 62 creatures vanquished

Notes
Turn   | Place    | Note
-------+----------+-------------------------------------------
     0 | D:1      | PaiMei the Demonspawn Necromancer began the quest for the
                  | Orb.
     0 | D:1      | Reached XP level 1. HP: 13/13 MP: 3/3
   351 | D:1      | Gained mutation: You have large cloven feet. [demonic
                  | ancestry]
   351 | D:1      | Reached XP level 2. HP: 19/19 MP: 3/5
  1351 | D:2      | Reached XP level 3. HP: 20/25 MP: 0/6
  1355 | D:2      | Learned a level 3 spell: Vampiric Draining
  1562 | D:2      | Reached skill level 1 in Fighting
  2094 | D:3      | Found Ubrakergh's Antique Armour Emporium.
  2141 | D:3      | Gained mutation: You have hoof-like feet. [demonic
                  | ancestry]
  2141 | D:3      | Reached XP level 4. HP: 28/32 MP: 1/7
  2482 | D:3      | Found an opulent altar of Gozag.
  2569 | D:3      | Reached skill level 5 in Necromancy
  2893 | D:3      | Noticed Robin
  3000 | D:3      | HP: 1/33 [gnoll/+1 whip of holy wrath (4)]
  3000 | D:3      | Slain by a gnoll

Illustrated notes

Levels and vault maps discovered:
D:1:      mrwooster_arrival_statue_2, layout_basic,
          chequers_serial_rivers_small_a, minmay_pentomino_r2
D:2:      layout_basic
D:3:      layout_loops_corners, grunt_gozag_statues, serial_shops, shop,
          minmay_misc_feat_ornament, uniq_robin

Skill      XL: |  1  2  3  4 |
---------------+-------------+-----
Stealth        | 2 |  2.0
Dodging        | 2 |  2.7
Fighting       | 1 |  1.8
Necromancy     | 5 |  5.1
Spellcasting   | 3 |  3.0

Action                     |  1- 3 |  4- 6 || total
---------------------------+-------+-------++-------
  Melee: Whip              |     9 |       ||     9
         Unarmed           |     8 |       ||     8
         Short sword       |    12 |    13 ||    25
         Kick              |     1 |     3 ||     4
   Cast: Necrotise         |    75 |    38 ||   113
         Vampiric Draining |       |     1 ||     1
 Armour: Robe              |    12 |    15 ||    27
  Dodge: Dodged            |    36 |    30 ||    66
